[Event "24th Hoogeschool Zeeland 2022"]
[Site "Vlissingen"]
[Date "2022.08.06"]
[Round "1.24"]
[White "Grutter, Tim"]
[Black "Hahnen, Elke"]
[Result "1-0"]
[ECO "B11"]
[WhiteElo "2246"]
[BlackElo "1811"]
[Annotator "RC"]
[PlyCount "61"]
[EventDate "2022.08.05"]
[EventType "swiss"]
[EventCountry "NED"]
[SourceTitle "playchess.com"]
[Source "ChessBase"]
[SourceQuality "1"]
[TimeControl "40/5400+30:1800+30"]

1. e4 c6 2. Nc3 d5 3. Nf3 dxe4 4. Nxe4 Bf5 5. Ng3 Bg6 6. h4 h6 7. Ne5 Qd6 8. d4 Nd7 9. Nxg6 Qxg6 10. Bd3 Qf6 11. Qg4 g6 12. h5 g5 13. Bd2 Qd6 14. O-O-O Ngf6 15. Qe2 e6 16. Rhf1 O-O-O 17. f4 g4 18. c3 Rg8 19. Kb1 Nc5 20. Bc2 Ncd7 21. f5 e5 22. Bb3 Qe7 23. dxe5 Qxe5 24. Bxf7 Rg7 25. Qxe5 Nxe5 26. Be6+ Ned7 27. Bxh6 Rh7 28. Bg5 Be7 29. Bxf6 Bxf6 30. Ne4 Bh8 31. Nc5 1-0

[Event "24th Hoogeschool Zeeland 2022"]
[Site "Vlissingen"]
[Date "2022.08.07"]
[Round "2.1"]
[White "Ponomariov, Ruslan"]
[Black "Dougherty, Michael"]
[Result "1-0"]
[ECO "C11"]
[WhiteElo "2642"]
[BlackElo "2073"]
[Annotator "TA"]
[PlyCount "69"]
[EventDate "2022.08.05"]
[EventType "swiss"]
[EventCountry "NED"]
[SourceTitle "playchess.com"]
[Source "ChessBase"]
[SourceQuality "1"]
[TimeControl "40/5400+30:1800+30"]

1. e4 e6 2. d4 d5 3. Nc3 Nf6 4. e5 Nfd7 5. Nce2 c5 6. c3 Nc6 7. Nf3 b6 {[%emt 0:18:00] C11: French: Classical System: 4 e5 and 4 Bg5 dxe4.} ({Black should try} 7... Be7 $11) 8. Nf4 $14 Bb7 9. a3 Qe7 {[%emt 0:07:54] White is slightly better.} 10. Bd3 {[%emt 0:02:07] [#]} O-O-O $146 ({Predecessor:} 10... c4 11. Bc2 O-O-O 12. Be3 f6 13. exf6 gxf6 14. Qe2 Qf7 15. O-O-O Bd6 16. Rhe1 Rhe8 {0-1 (49) Bogdanovich,S (2299)-Kozel,R (2387) Odessa 2008}) 11. O-O h6 (11... g5 $11 {remains equal.}) 12. Be3 (12. b4 $16) 12... g5 13. Nh5 f5 14. exf6 $1 {[%emt 0:02:36] White is more active.} Nxf6 15. Nxf6 Qxf6 16. b4 c4 17. Bc2 Bd6 {[%emt 0:03:24] Against Ne5} 18. b5 Ne7 19. Ne5 Nf5 (19... Bxe5 20. dxe5 Qxe5 21. Bd4 $16) 20. Re1 Rhf8 21. Bd2 ({Better is} 21. Ng4 $14 Qf7 22. Bxf5 exf5 23. Ne5 (23. Nxh6 $2 Qg6 $19)) 21... Nh4 $2 {[%emt 0:04:04] [#]} (21... Nxd4 $1 $11 22. Ng4 Qf7 23. cxd4 h5) 22. f3 (22. Ng4 $1 $16 Qf7 23. Qe2) 22... h5 23. Qe2 Rg8 24. Qf2 (24. a4 $14) 24... Rdf8 25. a4 Bxe5 $2 (25... g4 $11 {and Black is okay.} 26. f4 Bc7) 26. Rxe5 $18 ({Inferior is} 26. dxe5 Qd8 $11) 26... g4 {[%emt 0:00:44][%cal Rh4f3] [#] Hoping for ...Nxf3+!} 27. f4 {[%emt 0:01:47][%cal Bf3f4,Bf4g5,Bg5g6][%mdl 32] aiming for Rae1.} ({Much less strong is} 27. Rxh5 Nxf3+ 28. gxf3 gxf3+ 29. Kf1 (29. Kh1 $2 Rg2 $17) 29... Rg2 $16) 27... Nf3+ $2 {[%emt 0:00:23] A mistake that costs the game.} (27... g3 $16 28. hxg3 Nf5) 28. gxf3 {[%emt 0:00:40] White is clearly winning.} gxf3+ 29. Rg5 e5 30. dxe5 Rxg5+ 31. fxg5 Qe6 32. Kh1 d4 33. cxd4 c3 34. Be3 Qc4 35. g6 {[%emt 0:02:05] Weighted Error Value: White=0.18 (very precise) /Black=0.71} 1-0

[Event "24th Hoogeschool Zeeland 2022"]
[Site "Vlissingen"]
[Date "2022.08.07"]
[Round "2.2"]
[White "Gijsen, William"]
[Black "Van den Doel, Erik"]
[Result "0-1"]
[ECO "C29"]
[WhiteElo "2079"]
[BlackElo "2589"]
[Annotator "TA"]
[PlyCount "62"]
[EventDate "2022.08.05"]
[EventType "swiss"]
[EventCountry "NED"]
[SourceTitle "playchess.com"]
[Source "ChessBase"]
[SourceQuality "1"]
[TimeControl "40/5400+30:1800+30"]

1. e4 e5 2. Nc3 Nf6 3. f4 d5 4. fxe5 Nxe4 5. Qf3 Nxc3 6. bxc3 c5 $1 {[%emt 0:05:16][%mdl 4] is currently scoring better than 6...Be7. C29: Vienna Game: 2...Nf6 3 f4.} 7. Qg3 Nc6 8. Nf3 h6 {[%emt 0:13:53] [#] The position is equal.} 9. Bb5 $146 ({Predecessor:} 9. Be2 Be6 10. O-O Qc7 11. d4 O-O-O 12. a4 g5 13. Be3 c4 14. Bc1 Ne7 15. Ba3 {0-1 (28) Malcanek,J (2107)-Kociscak,J (2470) Czech Republic 2018}) 9... Qb6 10. a4 a6 11. Be2 (11. Bxc6+ $11 Qxc6 12. O-O) 11... c4 (11... Be6 $15) 12. d4 $11 cxd3 13. Bxd3 ({Better is} 13. cxd3 $11 d4 14. c4) 13... Be6 $36 {[%emt 0:01:46][%mdl 2048] Black has the initiative.} 14. a5 Qc5 15. Bd2 g5 16. Rb1 O-O-O ({But not} 16... Nxa5 17. Nd4) 17. Nd4 Nxd4 18. cxd4 Qxd4 19. Rb3 $2 (19. c3 $15 Qc5 20. Qe3) 19... Bc5 $2 (19... Qa1+ 20. Ke2 Qxh1) 20. Bc3 Qe3+ (20... Qa4 $19 {has better winning chances. aiming for ...d4.} 21. Rb1 Kb8) 21. Qxe3 $17 Bxe3 22. Rb1 {[%emt 0:00:56] [#]} (22. Bd2 $17 Bd4 23. Bc3) 22... Rhe8 $1 $19 23. h3 {[%emt 0:03:15] [#]} (23. Rf1 $17 {was necessary.}) 23... d4 $1 24. Bb4 Ba2 25. Rb2 Bd5 26. Bd6 $2 {[%emt 0:00:07] [#]} (26. c4 dxc3 27. Bxc3) 26... Rxd6 $1 {[%emt 0:00:33][%mdl 512] Black is clearly winning.} 27. Bf5+ {[%emt 0:00:13] [#]} (27. exd6 Bc1+) 27... Rd7 $1 28. Bxd7+ (28. Rf1 Rxe5) 28... Kxd7 29. Rf1 Rxe5 30. Kd1 {[%emt 0:00:41] Prevents Bc1.} f5 31. Rb6 Bxg2 {[%emt 0:00:18] Weighted Error Value: White=1.10/Black=0.39} 0-1

[Event "24th Hoogeschool Zeeland 2022"]
[Site "Vlissingen"]
[Date "2022.08.07"]
[Round "2.3"]
[White "Baklan, Vladimir"]
[Black "Manshanden, Nick"]
[Result "1-0"]
[ECO "C65"]
[WhiteElo "2589"]
[BlackElo "2065"]
[Annotator "TA"]
[PlyCount "95"]
[EventDate "2022.08.05"]
[EventType "swiss"]
[EventCountry "NED"]
[SourceTitle "playchess.com"]
[Source "ChessBase"]
[SourceQuality "1"]
[TimeControl "40/5400+30:1800+30"]

1. e4 e5 2. Nf3 Nc6 3. Bb5 Nf6 4. d3 Bc5 5. Bxc6 dxc6 6. Nbd2 {[%emt 0:03:16] C65: Ruy Lopez: Berlin Defence (3...Nf6), unusual lines and 4 0-0 Bc5.} Be6 7. O-O Nd7 {[%emt 0:01:05] 7...Bd6 is more fashionable.} 8. b3 {[%emt 0:00:06] White has an edge.} O-O 9. Bb2 f6 {[%emt 0:03:39] [#]} 10. Kh1 $146 ({Predecessor:} 10. d4 Bd6 11. Qe2 Bg4 12. Rfe1 exd4 13. Bxd4 Qe7 14. h3 Bh5 15. Qe3 Rfe8 16. Nh4 {½-½ (57) Quesada Perez,Y (2622)-Bok,B (2639) Saint Louis 2018}) 10... Qe8 11. Nh4 Rd8 12. Qf3 g6 13. Qg3 Bd6 14. Nc4 (14. Nf5 $14) 14... Bxc4 $11 15. bxc4 Nc5 16. Nf5 Ne6 {[%emt 0:01:00] Against f4} 17. Bc1 Kh8 18. Nxd6 Rxd6 19. f4 exf4 20. Bxf4 Nxf4 21. Qxf4 Kg7 22. a4 c5 23. a5 Qc6 24. Rf3 Re6 25. Rb1 Rf7 26. g4 b6 27. Ra1 b5 28. cxb5 Qxb5 29. c4 Qb2 30. Raf1 Qc3 31. g5 Qxa5 32. Qc1 Rb6 33. Kg2 Qb4 34. R1f2 {[%emt 0:01:03] aiming for Qa1.} Ra6 {[%emt 0:00:56] Against Qa1} ({Black should try} 34... Re6 $11) 35. h4 $14 {[%emt 0:02:49][%cal Oh4h5][%mdl 1024] Strongly threatening h5! White has compensation.} Qb3 $2 (35... h5 $16) 36. d4 $2 (36. h5 $1 $18 {is the precise move to win.}) 36... Qb7 $2 {[%emt 0:00:35] [#]} (36... Qa4 $16) 37. d5 $1 $18 Qc8 {[%emt 0:00:59] [#] Threatens to win with ...Qg4+.} 38. Qf4 {[%emt 0:01:52] Prevents Qg4+.} Qe8 $2 (38... f5 {was necessary.} 39. Qe5+ (39. exf5 Rxf5 40. Qg4 Kg8 $14) 39... Kg8 40. exf5 gxf5 41. Rxf5 Rxf5 42. Rxf5 Rb6) 39. e5 f5 40. e6 Re7 41. Qe3 c6 $2 (41... Kg8 42. Qxc5 Qf8) 42. Qe5+ Kg8 43. Rb2 {[%emt 0:00:00] White threatens Rb8 and mate.} Rb6 {[%emt 0:01:12] Inhibits Rb8.} 44. Rxb6 axb6 45. Ra3 b5 46. Qa1 {[%emt 0:00:00] Threatening mate with Ra8.} Rb7 47. Ra8 Rb8 48. Ra7 {[%emt 0:00:00] Weighted Error Value: White=0.37/Black=0.60} 1-0

[Event "24th Hoogeschool Zeeland 2022"]
[Site "Vlissingen"]
[Date "2022.08.07"]
[Round "2.4"]
[White "Coenen, Eduard"]
[Black "Harsha Bharathakoti"]
[Result "0-1"]
[ECO "D02"]
[WhiteElo "2063"]
[BlackElo "2547"]
[Annotator "TA"]
[PlyCount "56"]
[EventDate "2022.08.05"]
[EventType "swiss"]
[EventCountry "NED"]
[SourceTitle "playchess.com"]
[Source "ChessBase"]
[SourceQuality "1"]
[TimeControl "40/5400+30:1800+30"]

1. d4 d5 2. Nf3 Nf6 3. c3 c5 4. g3 e6 5. Bg2 Nbd7 6. O-O {[%emt 0:02:13][%cal Oc3c4] D02: 1 d4 d5 2 Nf3 sidelines, including 2...Nf6 3 g3 and 2...Nf6 3 Bf4.} b5 7. Bf4 Be7 8. Ne5 {[%emt 0:01:11] White has an edge.} Bb7 {[%emt 0:01:06] Inhibits Nc6.} 9. Nd2 O-O {[%emt 0:07:45] [#]} 10. Rc1 $146 ({Predecessor:} 10. Nd3 Qb6 11. dxc5 Nxc5 12. Nxc5 Qxc5 13. a4 b4 14. c4 Rfd8 15. Rc1 Qb6 16. Qb3 {1-0 (72) Bartholomew,J (2446)-Kashlinskaya,A (2494) Chess.com INT 2020}) 10... Nxe5 11. Bxe5 Ng4 12. e4 Nxe5 13. dxe5 Qb6 14. f4 Rad8 {[%emt 0:02:20] White must now prevent ...dxe4.} 15. exd5 Bxd5 16. c4 bxc4 17. Qc2 c3 $1 18. bxc3 {[%emt 0:01:38] [#]} c4+ $1 19. Kh1 {[%emt 0:00:21] [#]} Bxg2+ $1 20. Kxg2 Rd3 ({Black should try} 20... Qc6+ $17 21. Ne4 f5 22. exf6 gxf6) 21. Kh3 ({Better is} 21. Rce1 $15) 21... Qc6 $36 {[%emt 0:03:01][%mdl 2048] Keeping White busy. 0x0.00198aec214fdp-1022s more active pieces.} 22. Rce1 Rfd8 23. Re2 {[%emt 0:02:43] This move loses the game for White.} (23. Ne4 $15) 23... R8d5 $19 {[%emt 0:06:56] Hoping for ...f5.} 24. Ne4 $2 (24. Nf3 {is the only way for White.}) 24... f5 25. exf6 gxf6 {[%emt 0:00:02][%cal Bg7f6,Bf6g5][%mdl 32] aiming for ...Rh5+.} 26. f5 (26. Ree1 $142 Rh5+ 27. Kg2) 26... exf5 27. Ng5 fxg5 28. Kg2 Rd2 {[%emt 0:11:53] Weighted Error Value: White=0.75/Black=0.04 (flawless)} 0-1

[Event "24th Hoogeschool Zeeland 2022"]
[Site "Vlissingen"]
[Date "2022.08.07"]
[Round "2.5"]
[White "Lalith Babu M R"]
[Black "Hari Charan Sai Kalluri"]
[Result "1-0"]
[ECO "E04"]
[WhiteElo "2549"]
[BlackElo "2041"]
[Annotator "TA"]
[PlyCount "43"]
[EventDate "2022.08.05"]
[EventType "swiss"]
[EventCountry "NED"]
[SourceTitle "playchess.com"]
[Source "ChessBase"]
[SourceQuality "1"]
[TimeControl "40/5400+30:1800+30"]

1. d4 d5 2. Nf3 Nf6 3. c4 c6 4. Nc3 dxc4 5. g3 b5 6. Bg2 e6 {[%emt 0:01:14] is the legacy move (6...Bb7).} 7. O-O {[%emt 0:00:50] E04: Open Catalan: 5 Nf3.} Be7 8. Ne5 Nd5 9. a4 {[%emt 0:08:16] The position is equal.} b4 10. Ne4 Ba6 {[%emt 0:01:46] [#]} 11. Nd2 $146 {[%emt 0:00:17][%mdl 1024] White has compensation.} ({Predecessor:} 11. Nc5 Bxc5 12. dxc5 c3 13. bxc3 f6 14. e4 Bxf1 15. Qh5+ g6 16. Nxg6 hxg6 17. Qxh8+ {½-½ (31) Trivedi,K (2122)-Lloyd,G (2263) ICCF email 2015}) 11... c3 12. Nb3 O-O 13. Qc2 f5 (13... c5 $11 14. bxc3 (14. Nxc5 Bxc5 15. dxc5 Qc7 $11) (14. dxc5 Qc7 $11) 14... bxc3) 14. Re1 Nd7 (14... cxb2 $16 15. Bxb2 f4) 15. Nxc6 $18 Qe8 {[%emt 0:00:03] [#]} 16. e4 $1 fxe4 17. Qxe4 Nc7 (17... Rf6 $2 18. Nxe7+ Qxe7 {[#]} 19. Qxd5 $3 $18 ) (17... Bf6 $142 18. Qxe6+ Qxe6 19. Rxe6 N5b6) 18. bxc3 bxc3 19. Bf4 {[%emt 0:08:25] Inhibits Bd6.} Bd8 (19... Bc4 20. Qc2 Rxf4) 20. Nxd8 {[%emt 0:00:15] White is clearly winning.} Qxd8 21. Bxc7 Qxc7 22. Qxe6+ {[%emt 0:00:05] Weighted Error Value: White=0.10 (very precise) /Black=0.54} 1-0

[Event "24th Hoogeschool Zeeland 2022"]
[Site "Vlissingen"]
[Date "2022.08.07"]
[Round "2.7"]
[White "Schoppen, Casper"]
[Black "Le Clercq, Maxim"]
[Result "1-0"]
[ECO "B12"]
[WhiteElo "2507"]
[BlackElo "2049"]
[Annotator "TA"]
[PlyCount "55"]
[EventDate "2022.08.05"]
[EventType "swiss"]
[EventCountry "NED"]
[SourceTitle "playchess.com"]
[Source "ChessBase"]
[SourceQuality "1"]
[TimeControl "40/5400+30:1800+30"]

1. e4 c6 2. d4 d5 3. e5 c5 4. Nf3 cxd4 5. Nxd4 e6 6. Nd2 {[%emt 0:07:02][%cal Bb1d2,Bd2f3,Bf3d4][%mdl 32] B12: Caro-Kann: Advance Variation.} Ne7 7. N2f3 Nbc6 8. Bd3 {[%emt 0:06:26] White has an edge.} Ng6 9. Nxc6 bxc6 10. h4 {[%emt 0:00:15][%cal Bh2h4,Bh4h5][%mdl 32] [#]} Be7 $146 ({Predecessor:} 10... Qc7 11. Qe2 c5 12. h5 Ne7 13. c4 h6 14. Bd2 Rb8 15. b3 dxc4 16. Bxc4 Bb7 {0-1 (42) Msellek,I (2411)-Gunina,V (2471) Sharjah 2022}) 11. h5 Nf8 12. Nd4 {[%emt 0:07:08] Threatens to win with Qg4.} Bd7 (12... Qb6 $11 {remains equal.} 13. Qg4 g5) 13. Qg4 $36 {[%emt 0:00:39][%mdl 2048] Keeping Black busy.} Rg8 14. Nf3 f5 {[%emt 0:06:44] This move loses the game for Black.} (14... c5 $16) 15. exf6 $1 $18 Bxf6 {[%emt 0:00:05] [#]} 16. Qg3 {[%emt 0:01:14] Prevents e5.} Qb8 {[%emt 0:03:18] [#]} (16... c5 {is a better defense.}) 17. Bf4 $1 Qb4+ (17... Qxb2 $2 18. O-O $18) 18. c3 Qxb2 19. O-O {[%emt 0:01:25] Active counter play!} Qxc3 20. Ne5 Ke7 $2 (20... Qb4 21. Rab1 Qe7) 21. Rac1 {[%emt 0:03:03][%mdl 64] Skewer} Qa5 22. Ng4 d4 23. Nxf6 Kxf6 24. Bd6 {[%emt 0:00:17] Rc5 would kill now. This bishop pair is nice.} g5 25. Rc5 {[%emt 0:07:40] White mates.} Qd2 {[%emt 0:03:34] [#]} 26. Rf5+ $3 exf5 (26... Kg7 27. Rxg5+) 27. Qe5+ Kf7 28. Qe7# {[%emt 0:29:17] Weighted Error Value: White=0.05 (flawless) /Black=0.67} 1-0

[Event "24th Hoogeschool Zeeland 2022"]
[Site "Vlissingen"]
[Date "2022.08.07"]
[Round "2.8"]
[White "Shakhverdian, William"]
[Black "Ikonnikov, Vyacheslav"]
[Result "0-1"]
[ECO "E00"]
[WhiteElo "2040"]
[BlackElo "2493"]
[Annotator "RC"]
[PlyCount "52"]
[EventDate "2022.08.05"]
[EventType "swiss"]
[EventCountry "NED"]
[SourceTitle "playchess.com"]
[Source "ChessBase"]
[SourceQuality "1"]
[TimeControl "40/5400+30:1800+30"]

1. d4 Nf6 2. c4 e6 3. g3 Bb4+ 4. Bd2 a5 5. Bg2 d6 6. Nc3 Nbd7 7. e3 c6 8. Nge2 d5 9. b3 O-O 10. O-O Re8 11. a3 Bf8 12. e4 dxe4 13. Nxe4 Nxe4 14. Bxe4 e5 15. Re1 exd4 16. Nxd4 Rxe4 17. Rxe4 Nc5 18. Rf4 g5 19. Rg4 h6 20. Qf3 Bg7 21. Be3 Qf6 22. Qe2 Qg6 23. Rd1 f5 24. b4 axb4 25. axb4 Nd7 26. Qc2 Ne5 0-1

[Event "24th Hoogeschool Zeeland 2022"]
[Site "Vlissingen"]
[Date "2022.08.07"]
[Round "2.9"]
[White "Santiago, Yago De Moura"]
[Black "Warnaar, Alisha"]
[Result "1-0"]
[ECO "D03"]
[WhiteElo "2513"]
[BlackElo "2037"]
[Annotator "TA"]
[PlyCount "67"]
[EventDate "2022.08.05"]
[EventType "swiss"]
[EventCountry "NED"]
[SourceTitle "playchess.com"]
[Source "ChessBase"]
[SourceQuality "1"]
[TimeControl "40/5400+30:1800+30"]

1. d4 Nf6 2. Nf3 g6 3. Bg5 Bg7 4. Nbd2 O-O 5. c3 d5 6. e3 b6 7. a4 c5 {[%emt 0:04:44] D03: 1 d4 d5 2 Nf3 Nf6 3 Bg5, including Torre Attack with early ...d5.} 8. Be2 Nc6 9. O-O Bf5 {[%emt 0:01:52] [#] The position is equal.} 10. Re1 $146 ({Predecessor:} 10. h3 Re8 11. Bb5 Bd7 12. Qe2 h6 13. Bf4 Ne4 14. Nxe4 dxe4 15. Nd2 e5 16. dxe5 Nxe5 17. Nxe4 Bxb5 18. axb5 {1-0 (34) Nilsson,J (2215)-Yakimova,M (2269) Chess.com INT 2020}) 10... a6 11. Bf1 Qd7 12. Bxf6 Bxf6 13. dxc5 bxc5 14. e4 Bg4 (14... Be6 $11) 15. exd5 $14 Qxd5 16. Nc4 {[%emt 0:09:47] Prevents Ne5.} Rad8 17. Qxd5 Rxd5 18. Nfd2 Bg7 (18... Bf5 $14) 19. Ne4 {[%emt 0:08:56] [#] Strongly threatening Ne3. Pair of Knights!} Bf5 20. Ng3 Be6 21. Ne4 (21. Ne3 $5 Rd2 22. Bxa6 $11) 21... Bf5 22. f4 e5 23. Nb6 {[%emt 0:01:10] White is more active.} Bxe4 24. Rxe4 Rd6 25. Nc4 {[%emt 0:01:08] Against Na5} (25. Bxa6 $2 Na5 26. fxe5 Rxb6 $17) 25... Re6 26. Rd1 Rb8 27. Rd5 $36 {[%emt 0:01:11][%mdl 2048] White is in control.} exf4 {[%emt 0:01:01] [#]} (27... Rd8 $16 {was worth a try.} 28. Rxd8+ (28. Rxc5 Bf8 $17) 28... Nxd8) 28. Rxe6 $1 $18 fxe6 29. Rxc5 Ne7 30. Ra5 Nd5 (30... Ra8 {was necessary.} 31. Nb6 Rd8 32. Rxa6 Bf8) 31. Rxa6 Ne3 32. Rxe6 Kf8 33. Nxe3 fxe3 34. Bb5 {[%emt 0:00:13] Weighted Error Value: White=0.07 (flawless) /Black=0.20 (precise)} ({Don't take} 34. Rxe3 $6 Rxb2 35. a5 Rb3 $16) 1-0

[Event "24th Hoogeschool Zeeland 2022"]
[Site "Vlissingen"]
[Date "2022.08.07"]
[Round "2.10"]
[White "Duson, Robin"]
[Black "Vrolijk, Liam"]
[Result "0-1"]
[ECO "A43"]
[WhiteElo "2027"]
[BlackElo "2464"]
[Annotator "TA"]
[PlyCount "108"]
[EventDate "2022.08.05"]
[EventType "swiss"]
[EventCountry "NED"]
[SourceTitle "playchess.com"]
[Source "ChessBase"]
[SourceQuality "1"]
[TimeControl "40/5400+30:1800+30"]

1. d4 g6 2. c4 Bg7 3. e4 d6 4. Nc3 c5 5. d5 Bxc3+ 6. bxc3 e5 $1 {[%emt 0:00:06][%mdl 4] is more profitable than 6...Qa5 at the moment. A43: Schmid Benoni.} 7. Bd3 Nd7 8. f4 (8. a4 $16) 8... exf4 {[%emt 0:03:28] White has an edge.} 9. Bxf4 Qh4+ 10. Bg3 Qe7 11. Nf3 {[%emt 0:03:32] [#]} Ngf6 $146 (11... Nh6 $1 $11 {remains equal.}) ({Predecessor:} 11... Nh6 12. O-O f6 13. a4 a5 14. Bh4 O-O 15. Rb1 Nf7 16. Qd2 Kg7 17. h3 Rb8 {1-0 (56) Dardha,D (2485)-Basso,P (2580) Bassano del Grappa 2021}) 12. O-O (12. Bh4 $16) 12... Ng4 $1 $11 13. Bh4 f6 14. Qd2 {[%emt 0:02:59] Prevents Ne3.} O-O 15. h3 Nge5 16. Nxe5 Nxe5 17. Rf2 Bd7 (17... g5 $5 18. Bg3 Bd7 $11) 18. Raf1 g5 19. Bg3 Rae8 20. Be2 Kg7 21. Qb2 b6 22. a4 Rb8 (22... Bxa4 23. Ra1 Bd7 24. Rxa7 $16) 23. Qa2 Be8 24. Bd1 Bg6 25. Bc2 h5 26. Re2 h4 27. Be1 (27. Bh2 $1 $15) 27... Qb7 28. Re3 Rbe8 29. Bb3 Re7 30. Qe2 Qc8 31. Kh2 (31. Rf2 $17) 31... Qe8 $19 32. Bd1 (32. Bd2 $142) 32... f5 33. exf5 Ng4+ 34. hxg4 Rxe3 35. Qf2 {[%emt 0:00:37] Threatens to win with Bd2.} Qe5+ $1 36. Kg1 h3 $1 {[%emt 0:02:22] And now ...hxg2 would win. 0x0.001e3c65c5c8dp-1022s more active pieces.} 37. Bd2 hxg2 $1 38. Kxg2 {[%emt 0:00:53] [#]} Re4 {[%emt 0:03:41] Really sharp!} (38... Rh3 $1 $17 {[%csl Gh3][%cal Re5h2] and life is bright.} 39. Rh1 (39. Kxh3 Rh8+ 40. Kg2 Rh2+ 41. Kg1 Rxf2 $19) (39. f6+ $2 Kf7 $19) 39... Rxh1 40. Kxh1 Rh8+ 41. Kg1 Bf7 42. Bxg5 Rh3) 39. Bf3 (39. Bxg5 $16 {Hoping for Qd2.} Rxc4 40. Qd2 (40. Qh4 Rh8 $17) 40... Bxf5 41. Bh6+ Kg8 42. Qg5+ Kh7 43. Rxf5 (43. gxf5 $2 Rg8 $19) 43... Rxf5 44. gxf5 Rxc3 45. Qg6+ (45. Kf1 Rh3 $11) 45... Kh8 46. Qh5 Qg3+ 47. Kf1 Qh3+ 48. Qxh3 Rxh3 49. Bf8) 39... Bxf5 40. gxf5 Rxf5 $40 {[%emt 0:00:41][%mdl 128] aiming for ...g4. White needs to defend precisely.} 41. Re1 {[%emt 0:08:09] [#]} ({White should try} 41. Qg3 $11) 41... Rxf3 $1 $15 42. Qxf3 (42. Kxf3 $2 {too greedy.} Qf5+ 43. Kg2 Rg4+ 44. Kf1 Qd3+ 45. Re2 Qh3+ 46. Ke1 Qh1+ 47. Qf1 Rg1 48. Re7+ Kg6 49. Re6+ Kh5 50. Qxg1 Qxg1+ 51. Ke2 Qg2+ 52. Kd3 Qf1+ 53. Kc2 Qxc4 54. Rxd6 Qxa4+ 55. Kd3 Qb5+ 56. Kc2 Qf1 $19) 42... Rxe1 43. Bxe1 Qxe1 {[%emt 0:00:05][%mdl 4096] Endgame KQ-KQ} 44. Qf5 Qe7 {[%emt 0:02:07] Inhibits Qd7.} ({But not} 44... Qxc3 45. Qxg5+ Kh7 46. Qf5+ Kg8 47. Qe6+ Kh8 48. Qh6+ Kg8 49. Qe6+ Kh8 50. Qxd6 $11) 45. Kg1 a5 (45... a6 $17) 46. Kg2 $11 Qf6 47. Qd7+ Kg6 48. Qc7 $2 {[%emt 0:00:23][%mdl 8192] [#]} (48. Qe8+ $11 Kf5 49. Qe3) 48... g4 $1 $19 49. Qxb6 Kg5 50. Qb8 Kh4 51. Qe8 Qf3+ 52. Kg1 Qd1+ (52... Kg3 $142 53. Qe1+ Kf4) 53. Kg2 Qd2+ 54. Kg1 $2 (54. Kf1 $19 Qf4+ 55. Kg2 Qg3+ 56. Kf1 Qf3+ 57. Ke1 Qxc3+ 58. Kd1 Qxc4 59. Qe7+ Kh3 60. Qd7) 54... Kg3 {[%emt 0:00:15] Weighted Error Value: White=0.61/Black=0.23 (precise)} 0-1

[Event "24th Hoogeschool Zeeland 2022"]
[Site "Vlissingen"]
[Date "2022.08.07"]
[Round "2.11"]
[White "Emans, Job"]
[Black "Dhulipalla Bala Chandra Prasad"]
[Result "0-1"]
[ECO "D37"]
[WhiteElo "2057"]
[BlackElo "2423"]
[Annotator "TA"]
[PlyCount "94"]
[EventDate "2022.08.05"]
[EventType "swiss"]
[EventCountry "NED"]
[SourceTitle "playchess.com"]
[Source "ChessBase"]
[SourceQuality "1"]
[TimeControl "40/5400+30:1800+30"]

1. d4 d5 2. c4 e6 3. Nc3 a6 4. cxd5 exd5 5. Nf3 Nf6 6. Bf4 {[%emt 0:00:42] D37: Queen's Gambit Declined: 5 Bf4.} Bd6 7. Bg3 O-O 8. e3 {[%emt 0:00:27] The position is equal.} b6 9. Bd3 Bb7 10. Bh4 Re8 11. O-O Nbd7 12. Qc2 {[%emt 0:09:06][%cal Od3h7] [#]} Qb8 $146 ({Predecessor:} 12... g6 13. Rad1 Qb8 14. Rfe1 c5 15. dxc5 bxc5 16. Bg3 Bxg3 17. hxg3 Qa7 18. b3 Rac8 {½-½ (42) Repka,C (2505)-Tian,E (2373) Redmond 2021}) 13. Bf5 g6 14. Bh3 Be7 15. Rac1 c5 16. Na4 {[%emt 0:12:13] Threatens to win with Bxf6.} Bc6 17. Bxf6 (17. dxc5 $14 Nxc5 18. Nxc5 bxc5 19. Bxf6 Bxf6 20. Qxc5) 17... Nxf6 (17... Bxa4 {feels hotter.} 18. Qxa4 Nxf6 19. dxc5 bxc5 20. Qc2 a5) 18. dxc5 Bxa4 19. Qxa4 {[%emt 0:00:02] aiming for c6.} bxc5 20. g3 Qxb2 21. Rb1 Qe2 22. Bg2 Rab8 (22... Qd3 $15 {is superior.}) 23. Ne5 $1 $11 Kg7 24. Bf3 Qd2 $132 {[%emt 0:00:16][%mdl 2048] Black puts up resistance} 25. Rxb8 Rxb8 26. Nc6 Re8 27. Nxe7 ({Better is} 27. Rd1 $11 Qb2 28. Qb3 Qxb3 29. axb3) 27... Rxe7 $15 28. Qxa6 c4 29. Qa3 Rb7 {[%emt 0:01:35] [#] Strongly threatening ...Rb2.} 30. Rd1 Qc2 31. Rc1 $1 Qf5 32. Kg2 g5 (32... Ne4 $17) 33. Qc3 $11 h5 {[%emt 0:01:29] Inhibits g4.} (33... g4 $5 34. Bd1 Kg6 $15) 34. Qd4 (34. Bd1 $11) 34... g4 $17 35. Bd1 Qe4+ 36. Qxe4 Nxe4 {[%emt 0:00:02][%mdl 4096] Endgame KRB-KRN} 37. Bc2 Nc3 {[%emt 0:00:37] Hoping for ...Rb2. Black is more active.} 38. a3 $2 {[%emt 0:00:45] [#] Now White is beyond hope.} (38. a4 $17 {was the only defense.}) 38... Rb2 $1 $19 39. Bf5 Kf6 40. Bd7 (40. Bh7 Ne2 41. Re1) 40... Ne4 41. Bc6 Rxf2+ 42. Kg1 Rd2 {[%emt 0:00:41] And now ...Ng5 would win.} 43. a4 Ng5 {[%emt 0:03:29] ( -> ...Nf3+)} 44. a5 Nf3+ 45. Kf1 Nxh2+ (45... Rxh2 $142 46. Rd1 h4 47. Bxd5 hxg3 48. Bxf3 gxf3 49. Kg1 c3 50. e4 c2 51. Ra1 Rd2 52. e5+ Ke7 53. Rf1 Rd1 54. a6 Rxf1+ 55. Kxf1 c1=Q#) 46. Ke1 Nf3+ 47. Kf1 h4 {[%emt 0:00:40] Weighted Error Value: White=0.70/Black=0.32} 0-1